 Dungeon Crawl Stone Soup version 0.23.0 (webtiles) character file.

Game seed: 14272059932622968253

81 Murks the Cutter (level 4, -18/23 HPs)
             Began as a Vine Stalker Fighter on Feb 19, 2019.
             Demolished by an ogre
             ... wielding a +0 giant spiked club
              (23 damage)
             ... on level 2 of the Dungeon.
             The game lasted 00:02:55 (1517 turns).

Murks the Cutter (Vine Stalker Fighter)             Turns: 1517, Time: 00:02:55

Health: -18/23     AC:  6    Str: 23    XL:     4   Next: 42%
Magic:  0/5        EV:  7    Int:  9    God:
Gold:   63         SH:  9    Dex: 14    Spells: 3/3 levels left

rFire    . . .     SeeInvis .   a - +0 rapier
rCold    . . .     Gourm    .   c - +0 shield
rNeg     . . .     Faith    .   b - +0 scale mail
rPois    .         Spirit   +   (no helmet)
rElec    .         Reflect  .   (no cloak)
rCorr    .         Harm     .   (no gloves)
MR       .....                  (no boots)
Stlth    ..........             (no amulet)
HPRegen  0.47/turn              (no ring)
MPRegen  0.09/turn              (no ring)

@: mighty
A: fangs 2, regeneration 1, magic shield, antimagic bite, no potion heal 3, rot
immunity
a: no special abilities


You were on level 2 of the Dungeon.
You were not hungry.

You visited 1 branch of the dungeon, and saw 2 of its levels.

You collected 63 gold pieces.

Inventory:

Hand Weapons
 a - a +0 rapier (weapon)
Armour
 b - a +0 scale mail (worn)
 c - a +0 shield (worn)
Scrolls
 e - a scroll of teleportation {unknown}
 h - 2 scrolls of identify {unknown}
 i - a scroll of magic mapping {unknown}
 k - a scroll of immolation {unknown}
 m - a scroll of enchant weapon {unknown}
 o - a scroll of remove curse {unknown}
Potions
 d - a potion of might
 g - a potion of brilliance {unknown}
 j - a potion of cancellation {unknown}
 n - a potion of resistance {unknown}
Comestibles
 f - 2 rations
 l - 2 chunks of flesh


   Skills:
 + Level 2.7 Fighting
 * Level 4.1 Short Blades
 - Level 2.4 Armour
 - Level 2.6 Shields


You had 3 spell levels left.
You didn't know any spells.
Your spell library was empty.

Dungeon Overview and Level Annotations

Branches:
Dungeon (2/15)

Altars:


Innate Abilities, Weirdness & Mutations

You have extremely sharp teeth.
Your natural rate of healing is unusually fast.
When hurt, damage is shared between your health and your magic reserves.
Your bite disrupts and absorbs the magic of your enemies.
Potions cannot restore your health.
You are immune to rotting.


Message History

You hit the adder.
You kill the adder!
The kobold throws a stone.
You block the stone.
There is an open door here.
There is an open door here.
You see here a +0 spear of venom.
The frilled lizard hisses.
You see here a rat skeleton.
Some of the chunks of flesh in your inventory have rotted away.
Okay, then.
You feel very mighty all of a sudden.
The ogre hits you with a +0 giant spiked club!!
Ouch! That really hurt!
* * * LOW HITPOINT WARNING * * *
You closely miss the ogre. You puncture the ogre! Your bite misses the ogre.
The ogre is heavily wounded.
The ogre hits you with a +0 giant spiked club!!
Ouch! That really hurt!
You die...

...
#.#.....#g.)......##.####.#
#+
#.#.....#.................#
#.##.......#.#.#..........#
#.##.####..............##.#
#.##.# #..#...#.......##.##
#.# ##..#....<..........#
..###.......##..#...#####
.....................#
.####..#@.).#.).#....# ...
#..#O#<..........# ...#
#..l.##.........##
.....##...........##..# #.
#..........##..##..#
##.##.##.###...........#
.......K.# #...###.##..#
.#.#.....# #...###.# .#
#.#. ....#.#..###.......# .


You could see an ogre, a kobold and a frilled lizard.

Vanquished Creatures
  2 adders (D:2)
  3 gnolls (D:2)
  An ooze (D:1)
  A leopard gecko (D:1)
  5 bats
  2 giant cockroaches
  4 hobgoblins
  3 jackals (D:1)
  3 goblins
  A kobold (D:1)
  5 rats
30 creatures vanquished.

Notes
Turn   | Place    | Note
-------+----------+-------------------------------------------
     0 | D:1      | Murks the Vine Stalker Fighter began the quest for the Orb.
     0 | D:1      | Reached XP level 1. HP: 11/11 MP: 2/2
    78 | D:1      | Reached skill level 2 in Short Blades
   108 | D:1      | Reached XP level 2. HP: 12/16 MP: 3/3
   399 | D:1      | Reached skill level 3 in Short Blades
   610 | D:2      | Reached XP level 3. HP: 17/19 MP: 4/4
  1293 | D:2      | Gained mutation: Your natural rate of healing is unusually
                  | fast. [Vine Stalker growth]
  1293 | D:2      | Reached XP level 4. HP: 15/23 MP: 5/5
  1350 | D:2      | Reached skill level 4 in Short Blades
  1479 | D:2      | Noticed an ogre
  1517 | D:2      | Demolished by an ogre

Skill      XL: |  1  2  3  4 |
---------------+-------------+-----
Short Blades   | 2 3 4 |  4.1
Fighting       | |  2.7
Armour         | |  2.4
Shields        | |  2.6

Action                   |  1- 3 |  4- 6 || total
-------------------------+-------+-------++-------
Melee: Rapier            |    85 |     8 ||    93
       Bite              |    22 |     3 ||    25
  Use: Potion            |       |     1 ||     1
  Eat: Chunk             |     1 |     1 ||     2
Armor: Scale mail        |    36 |     1 ||    37
Dodge: Dodged            |    25 |       ||    25
Block: Shield            |    38 |     4 ||    42
